Map: Catalyst LE

Players

ZheulWortz

  • Race: Terran Terran
  • League: Gold
  • Spawn Location: 11:00

Test - Winner!

  • Race: Terran Terran
  • League: Gold
  • Spawn Location: 5:00

VOD

Have the link to the VOD?

Description

Time

  • Played on: May 16, 2018, 4:56 p.m.
  • Length: 23:41
Show
View Real Time Build Order
Export as new Build Order

ZheulWortz Terran 

Build Orders:  

Get SALT Encoding   

  12  0:01  SCV  
  13  0:13  SCV  
  14  0:19  Supply Depot  
  14  0:25  SCV  
  15  0:40  SCV  
  16  0:43  Barracks  
  16  0:47  Refinery  
  16  0:52  SCV  
  17  1:04  SCV  
  18  1:16  SCV  
  19  1:30  Marine  
  19  1:31  Orbital Command  
  20  1:51  Command Center  
  20  1:56  Marine  
  21  2:06  SCV  
  22  2:17  Supply Depot  
  22  2:24  Barracks  
  22  2:27  Barracks Tech Lab  
  22  2:33  SCV, Barracks  
  23  2:44  Factory  
  23  2:47  SCV  
  24  2:52  Combat Shields  
  24  2:58  Marine  
  24  3:03  SCV, Refinery  
  26  3:12  Barracks Reactor  
  26  3:18  Marine  
  27  3:23  Barracks Reactor  
  27  3:29  Factory Tech Lab  
  27  3:36  Marine  
  28  3:43  Orbital Command  
  28  3:52  Supply Depot x2  
  28  3:54  Marine  
  28  3:55  Siege Tank  
  32  3:58  Marine  
  32  4:00  Marine  
  34  4:12  Marine x3  
  34  4:16  Marine  
  38  4:22  Marine  
  39  4:30  Marine x2  
  41  4:38  Siege Tank  
  41  4:40  Marine  
  41  4:41  Marine x2  
  47  4:47  Marine  
  47  4:48  Marine  
  47  4:51  Starport  
  49  5:03  Orbital Command  
  49  5:09  Marine x5  
  54  5:16  SCV  
  55  5:29  SCV, Medivac  
  58  5:41  SCV  
  60  5:53  SCV  
  54  6:15  Supply Depot  
  54  6:16  Supply Depot  
  54  6:17  Supply Depot  
  54  6:19  Supply Depot  
  54  6:37  Marine x5, SCV, Siege Tank  
  63  6:42  Starport Reactor  
  62  6:55  Marine x2  
  62  6:57  Command Center  
  64  7:23  Marine  
  64  7:24  Marine x4  
  67  7:41  Marine  
  67  7:42  Marine x4  
  66  7:59  Marine  
  66  8:00  Marine  
  66  8:04  Marine  
  66  8:05  Marine x2  
  69  8:17  Marine  
  70  8:23  Siege Tank  
  70  8:24  Medivac  
  75  8:27  Medivac  
  75  8:33  Marine  
  75  8:34  Marine  
  60  8:45  Marine  
  60  8:46  Marine x2  
  59  8:55  Siege Tank  
  62  9:01  Orbital Command  
  62  9:15  Medivac x2  
  66  9:20  Engineering Bay  
  65  10:15  Marine  
  65  10:16  Terran Infantry Weapons Level 1, Marine x4  
  70  10:24  Barracks  
  70  10:25  Barracks  
  70  10:33  Marine  
  70  10:34  Marine x4  
  75  10:51  Marine  
  75  10:52  Marine  
  39  11:13  Marine  
  39  11:14  Marine x2  
  42  11:21  Barracks Reactor x2  
  42  11:23  Stimpack  
  42  11:24  Marine x2  
  44  11:26  Siege Tank  
  44  11:28  Command Center, Medivac x2  
  44  11:31  Marine  
  52  11:35  SCV  
  52  11:36  SCV  
  39  11:58  Siege Tank  
  39  12:00  Marine  
  39  12:01  Marine x7  
  44  12:10  Terran Infantry Armor Level 1  
  40  12:16  Marine  
  40  12:18  Marine  
  40  12:19  Marine  
  43  12:25  SCV  
  42  12:44  Siege Tank  
  42  12:49  Orbital Command  
  45  12:52  SCV x2  
  47  13:04  SCV x2  
  49  13:13  Marine  
  49  13:14  Marine  
  49  13:15  Marauder  
  49  13:17  Medivac  
  56  13:20  SCV x3  
  58  13:32  SCV x3  
  61  13:35  Marine x5  
  61  13:37  Marauder  
  68  13:42  Marine x2  
  68  13:46  Siege Tank  
  73  13:58  SCV x2, Marauder  
  73  14:01  Armory  
  77  14:02  Viking  
  77  14:07  SCV  
  77  14:09  Sensor Tower  
  80  14:10  Marine, SCV  
  80  14:11  SCV  
  83  14:19  SCV  
  83  14:23  SCV x2  
  86  14:32  SCV  
  86  14:33  Missile Turret  
  86  14:34  Marine  
  86  14:35  SCV x2, Marine x4  
  86  14:37  Marine x2  
  96  14:38  Missile Turret  
  96  14:44  SCV  
  97  14:47  SCV x2  
  99  14:52  Marine  
  99  14:53  Marine x5  
  99  14:54  Marine  
  99  14:56  SCV  
  99  14:59  SCV x2  
  109  15:05  Refinery  
  109  15:07  Refinery  
  109  15:15  Supply Depot  
  109  15:16  Supply Depot  
  109  15:18  Supply Depot  
  109  15:22  Marine x2  
  109  15:23  Marine, SCV x2  
  87  15:38  Marine  
  87  15:39  Marine x5, Supply Depot  
  87  15:40  Marine x3  
  87  15:41  Medivac  
  96  15:45  Refinery  
  96  15:56  Marine  
  96  15:57  Marine x5  
  97  15:58  Marine x3  
  104  16:15  Marauder  
  106  16:23  Marine  
  106  16:24  Liberator  
  107  16:26  Marine x3  
  107  16:29  Marine x3  
  113  16:37  Marauder  
  115  16:40  Marine  
  115  16:41  Marine  
  115  16:42  Medivac  
  115  16:43  Marine  
  115  16:44  Marine x2  
  115  16:46  Marine  
  126  16:49  Command Center, Supply Depot  
  126  16:51  Engineering Bay, Supply Depot  
  126  16:52  Terran Infantry Weapons Level 2, Supply Depot  
  126  16:58  Marauder  
  126  17:00  Command Center  
  128  17:12  Medivac  
  128  17:15  Marine x8  
  131  17:19  Marine  
  139  17:24  Viking  
  141  17:33  Marine x4  
  141  17:34  Terran Infantry Armor Level 2  
  145  17:37  Marauder  
  145  17:42  Viking  
  149  17:48  Marine x2  
  149  17:49  Marine  
  152  17:54  Viking  
  152  17:57  Factory  
  154  17:59  Marauder  
  154  18:01  Refinery  
  154  18:05  Orbital Command  
  156  18:12  Viking  
  156  18:20  Marauder  
  156  18:23  Marine  
  156  18:24  Marine x7, Viking  
  168  18:29  SCV x4  
  172  18:34  Terran Vehicle And Ship Armor Level 1  
  172  18:37  Siege Tank  
  177  18:41  Marine, Marauder  
  177  18:42  Marine x7, Medivac  
  177  18:44  SCV x3  
  177  18:48  Orbital Command  
  190  18:54  Medivac  
  194  19:03  Marauder  
  194  19:09  Terran Infantry Weapons Level 3, Supply Depot  
  194  19:10  Supply Depot  
  194  19:30  Starport  
  194  19:31  Siege Tank, Marauder  
  199  19:32  Supply Depot  
  199  19:33  Starport  
  199  19:41  Factory  
  199  19:55  Marine  
  199  19:57  Marine x3  
  197  20:03  Siege Tank  
  194  20:27  Marine  
  195  20:35  Marine x5  
  121  20:36  Marine x3  
  110  20:45  Marine, Siege Tank  
  110  20:48  Factory Tech Lab  
  113  20:52  Factory Tech Lab  
  113  20:53  Marine x8  
  113  20:56  Starport Tech Lab, Starport Reactor  
  121  21:02  Marine  
  114  21:10  Marine  
  113  21:11  Marine x7  
  113  21:17  Siege Tank  
  123  21:20  Marine  
  124  21:28  Marine  
  124  21:29  Marine x6  
  124  21:30  Marauder  
  124  21:32  Viking  
  124  21:33  Viking  
  124  21:38  Marine  
  129  21:46  Marine  
  130  21:47  Marine  
  130  21:48  Refinery  
  130  21:49  Siege Tank  
  130  21:50  Command Center  
  130  21:51  Marauder  
  136  22:00  Marine x2  
  136  22:01  Marine x4  
  138  22:02  Medivac  
  138  22:03  Siege Tank  
  138  22:04  Marine  
  138  22:05  Marine  
  149  22:10  Refinery  
  149  22:12  Refinery, Marauder  
  151  22:18  Marine  
  151  22:20  Marine x2  
  151  22:21  Marine x2, Siege Tank  
  159  22:34  Marauder  
  157  22:55  Marauder  
  157  22:57  Marine  
  157  22:58  Marine x7  
  167  23:00  Siege Tank x3  
  167  23:02  Medivac  
  178  23:15  Marine x5  
  178  23:16  Marine x3, Marauder  
Show
View Real Time Build Order
Export as new Build Order

Test Terran - Winner!

Build Orders: MMM Bio 

Get SALT Encoding   

  12  0:00  SCV  
  13  0:12  SCV  
  14  0:18  Supply Depot  
  14  0:24  SCV  
  15  0:30  Refinery  
  15  0:40  SCV  
  16  0:51  Barracks  
  16  0:52  SCV  
  17  1:04  SCV  
  18  1:11  Barracks  
  18  1:17  SCV  
  19  1:29  SCV  
  20  1:41  Barracks  
  20  1:42  SCV  
  20  1:43  Marine  
  22  2:01  Marine  
  22  2:05  Barracks Reactor  
  23  2:17  Orbital Command  
  23  2:22  Barracks  
  23  2:24  Supply Depot  
  23  2:29  Barracks Reactor  
  23  2:43  Barracks Tech Lab  
  23  2:44  Engineering Bay  
  23  2:50  Marine x2  
  25  2:55  Supply Depot  
  25  3:06  Marine x2  
  25  3:07  Marine  
  25  3:08  Marine x2  
  25  3:11  Barracks Reactor  
  30  3:24  Marine x2  
  30  3:25  Marine  
  30  3:26  Marine x2  
  35  3:32  Supply Depot  
  35  3:36  Stimpack  
  35  3:41  Marine  
  35  3:42  Marine  
  35  3:43  Marine x2  
  39  3:53  Marine x3  
  42  3:59  Marine x2  
  42  4:01  Marine  
  42  4:02  Marine  
  46  4:11  Marine  
  47  4:24  Supply Depot  
  47  4:29  Terran Infantry Weapons Level 1  
  47  4:44  Missile Turret  
  47  4:46  Marine x4  
  47  4:51  Missile Turret  
  51  5:09  Marine  
  51  5:10  Marine  
  53  5:20  Command Center  
  53  5:27  Marine  
  53  5:28  Marine  
  55  5:37  Supply Depot  
  55  5:41  Combat Shields  
  55  5:59  Marine x5  
  55  6:00  SCV  
  61  6:13  Missile Turret, Supply Depot  
  61  6:18  Marine x2  
  63  6:26  Terran Infantry Armor Level 1  
  63  6:31  Marine  
  63  6:48  Barracks  
  63  6:51  Supply Depot  
  63  6:56  Orbital Command  
  63  7:03  Marine  
  63  7:04  Marine  
  63  7:07  Marine  
  66  7:12  Marine x2  
  67  7:17  Marine  
  53  7:36  Barracks  
  51  7:38  SCV x2  
  51  7:50  SCV x2  
  53  7:57  Missile Turret  
  53  8:03  Missile Turret  
  53  8:13  Marine  
  53  8:14  Marine x2  
  53  8:17  Marine  
  57  8:27  SCV, Sensor Tower  
  28  8:41  Marine x4  
  28  8:44  Marine x2  
  28  8:48  Marine  
  26  8:51  Marine  
  26  8:53  Marine  
  28  9:06  Marine, Barracks  
  29  9:10  Barracks Reactor  
  29  9:21  SCV x2  
  31  9:27  Barracks Reactor  
  31  9:33  SCV x2  
  33  9:39  Marine x2  
  33  9:44  Marine x2  
  33  9:45  Marine, SCV  
  37  9:52  Marine x3  
  35  9:55  Marine  
  35  9:56  Marine  
  35  9:59  Marine  
  40  10:02  Marine  
  40  10:06  Marine x2  
  43  10:07  Marine  
  43  10:09  Marine  
  43  10:11  Marine  
  46  10:14  Marine  
  46  10:15  Marine  
  46  10:17  Marine  
  46  10:19  Marine  
  50  10:21  Marine  
  50  10:23  Marine  
  50  10:25  Marine  
  53  10:31  Marine  
  53  10:32  Marine x2  
  56  10:38  Marine x3  
  56  10:39  Marine  
  56  10:42  Marine  
  61  10:43  Marine  
  61  10:46  Marine  
  61  10:49  SCV  
  64  11:01  SCV  
  51  11:09  Marine  
  51  11:10  Marine x6  
  53  11:11  Marine  
  53  11:16  Marine  
  53  11:17  Marine  
  53  11:18  Marine  
  57  11:20  Barracks Reactor  
  57  11:27  Marine x3  
  57  11:28  Marine  
  57  11:29  Marine  
  57  11:30  Marine  
  57  11:32  Marine  
  64  11:41  Factory  
  55  11:49  Marine  
  47  11:56  Marine x6  
  48  12:07  Marine x3  
  42  12:17  Marine x4  
  42  12:21  Marine x3  
  42  12:22  Marine x2  
  46  12:23  Marine  
  46  12:25  Marine  
  46  12:27  Marine  
  44  12:37  Marine x3  
  44  12:38  Marine x2  
  49  13:04  Marine  
  49  13:05  Command Center  
  50  13:06  Marine  
  51  13:16  Marine x2  
  51  13:17  Marine x2  
  55  13:25  Marine, Sensor Tower  
  56  13:32  Armory  
  56  13:34  Marine  
  56  13:36  Marine  
  56  13:39  Marine  
  59  13:42  Marine  
  60  13:50  Marine  
  60  13:51  Marine x3  
  60  13:53  Marine  
  60  13:55  Marine  
  66  13:56  Marine  
  66  13:57  Marine  
  66  14:01  Marine  
  66  14:02  Marine  
  70  14:03  Marine  
  70  14:08  Marine  
  72  14:12  SCV x2  
  72  14:16  Marine  
  75  14:20  Marine  
  76  14:24  SCV  
  76  14:25  SCV  
  76  14:26  Orbital Command  
  76  14:30  Marine  
  79  14:36  SCV  
  79  14:37  SCV  
  81  14:39  Marine x4  
  81  14:40  Marine  
  86  14:49  SCV x2  
  88  14:55  Terran Infantry Weapons Level 2  
  88  15:01  SCV  
  88  15:06  Marine x3  
  88  15:07  Marine x5  
  92  15:10  SCV  
  92  15:12  SCV  
  94  15:26  Marine x3  
  83  15:35  Marine x6  
  62  15:40  Marine x4  
  54  15:44  Marine x3  
  57  15:53  Marine x5  
  62  16:07  Marine  
  62  16:08  Marine x2  
  65  16:16  Marine x4  
  65  16:17  Marine x2, Barracks  
  71  16:19  Marine  
  71  16:22  Marine  
  73  16:31  Marine  
  73  16:32  SCV  
  75  16:33  Marine  
  75  16:39  Marine x2  
  78  16:40  Marine x3  
  78  16:41  Marine x3  
  78  16:43  Marine  
  78  16:44  SCV, Marine  
  78  16:46  Marine  
  88  16:49  Marine  
  88  16:51  Marine  
  90  16:57  Marine x2  
  90  16:58  Marine x2  
  94  17:05  Marine x5  
  94  17:06  Marine, Barracks  
  100  17:11  Marine x3  
  100  17:15  Marine x2  
  106  17:19  Marine x2  
  108  17:22  Marine  
  109  17:33  Marine  
  109  17:35  Terran Infantry Weapons Level 3  
  109  17:38  Supply Depot  
  109  17:40  Supply Depot  
  109  17:41  Supply Depot  
  109  17:43  Supply Depot  
  109  17:59  Marine x8  
  109  18:02  Marine x2  
  119  18:07  SCV  
  119  18:08  SCV  
  119  18:09  Marine x5  
  126  18:17  Marine  
  126  18:18  Command Center  
  123  18:21  Marine x4  
  123  18:22  Marine x2  
  128  18:35  SCV x3  
  128  18:38  Sensor Tower  
  128  18:41  Marine x5, Barracks Reactor x2  
  131  18:42  Marine  
  131  18:47  SCV x3  
  140  18:49  Supply Depot  
  140  18:54  Marine  
  141  19:02  Supply Depot  
  141  19:06  Supply Depot  
  141  19:10  Marine x6, SCV x2  
  149  19:21  Sensor Tower  
  149  19:23  Marine x6, SCV x2  
  157  19:27  Marine x2  
  157  19:29  Marine  
  157  19:30  Supply Depot  
  160  19:31  Marine, Supply Depot  
  160  19:36  Marine x3  
  164  19:39  SCV  
  164  19:42  Orbital Command  
  164  19:44  Marine x2  
  167  20:02  Marine  
  167  20:03  Marine x9  
  167  20:04  Marine x4  
  167  20:06  SCV x2  
  183  20:10  Marine x3  
  186  20:20  Marine x2  
  186  20:21  Marine x9  
  189  20:22  Marine  
  189  20:23  Marine x2  
  186  20:28  Marine x3  
  102  20:38  Marine x4  
  102  20:39  Marine x7  
  73  20:43  Marine x3  
  73  20:46  Marine x3  
  63  20:56  Marine x3  
  59  20:59  Marine  
  57  21:07  Orbital Command  
  57  21:13  Marine  
  57  21:14  Marine x2  
  57  21:17  Marine  
  55  21:44  Marine x3  
  55  21:45  Marine x2  
  60  21:47  Marine  
  60  21:50  Marine x2  
  63  22:06  Marine x2  
  63  22:07  Marine x4  
  69  22:08  Marine  
  69  22:10  Marine  
  69  22:13  Marine  
  72  22:16  Marine  
  72  22:17  Marine  
  72  22:20  Barracks Reactor  
  72  22:21  Marine  
  72  22:38  Marine  
  72  22:39  Marine x6  
  72  22:40  Marine  
  74  22:47  Marine  
  74  22:48  Marine x6  
  81  23:01  Sensor Tower  
  81  23:14  Command Center  
Tags
 
Composition
MMM Bio
League
GoldGold
Matchup
TvT
Race
Terran
Spawn Locations
Cross Positions
Add a new tag
Caveats
  • Supply blocks, unpowered buildings, or Contaminate may cause inaccurate times.
  • Supply counts are checked every 10 seconds.